 Dungeon Sprint DCSS version 0.28-a0-1429-gf3d713df7a (webtiles) character file.

Game seed: 12621514572553875367

3266 mhtbhm the Severer (level 9, -13/94 HPs)
             Began as a Minotaur Fighter on Jan 8, 2022.
             Was a High Priest of Trog.
             Mangled by a vampire knight (19 damage)
             ... while paralysed by a vampire knight
             ... in the Dungeon (Sprint VII: "The Pits").
             The game lasted 00:02:34 (1587 turns).

mhtbhm the Severer (Minotaur Fighter)               Turns: 1587, Time: 00:02:34

Health: -13/94     AC: 14    Str: 24    XL:     9   Next: 68%
Magic:  8/8        EV:  2    Int:  8    God:    Trog [*****.]
Gold:   0          SH:  0    Dex: 14    Spells: 8/8 levels left

rFire   . . .      SeeInvis .   a - +3 broad axe (flame)
rCold   . . .      Faith    .   c - +0 buckler
rNeg    . . .      Spirit   .   b - +5 ring mail
rPois   .          Reflect  .   (helmet restricted)
rElec   .          Harm     .   q - +0 cloak
rCorr   .          Rampage  .   (no gloves)
Will    .....      NoTele   +   (no boots)
Stlth   +.........              (no amulet)
HPRegen 0.25/turn               m - +3 ring of intelligence
MPRegen 0.11/turn               n - +3 ring of dexterity

@: paralysed, lethally poisoned (-13 -> -27)
A: horns 2, retaliatory headbutt
a: Renounce Religion, Berserk, Trog's Hand, Brothers in Arms


You were in the Dungeon.
You worshipped Trog.
Trog was extremely pleased with you.
You visited 1 branch

Inventory:

Hand Weapons
 a - a +3 broad axe of flaming (weapon)
Armour
 b - a +5 ring mail (worn)
 c - a +0 buckler (worn)
 q - a +0 cloak (worn)
Jewellery
 m - a +3 ring of intelligence (left hand)
 n - a +3 ring of dexterity (right hand)
Scrolls
 j - a scroll of blinking
 l - a scroll of summoning
Potions
 d - 2 potions of might
 e - 9 potions of curing
 f - 7 potions of heal wounds
 g - 2 potions of haste
 h - 4 potions of magic
 i - 2 potions of berserk rage
 k - 2 potions of invisibility
 o - a potion of resistance
 p - a potion of mutation


   Skills:
 + Level 13.6 Fighting
 + Level 15.3 Axes
 + Level 13.3 Armour
 + Level 5.0 Dodging
 + Level 11.8 Shields


You had 8 spell levels left.
You didn't know any spells.
Your spell library was empty.

Dungeon Overview and Level Annotations

Branches:
Dungeon (1/1)

Altars:
Cheibriados
Dithmenos
Elyvilon
Fedhas
Gozag
Hepliaklqana
Makhleb
Nemelex Xobeh
Okawaru
Qazlal
Ru
Sif Muna
Trog
Vehumet
Wu Jian
Xom
Yredelemnul
Zin
The Shining One
Beogh
Jiyva
Lugonu

Annotations:
D Erica


Innate Abilities, Weirdness & Mutations

You have a pair of horns on your head.
You reflexively headbutt those who attack you in melee.


Message History

Here: a vampire knight, wielding a +0 great sword and wearing a +0 plate armour The floor.
Unknown command.
You aren't carrying any items that you can evoke.
Unknown command.
The vampire knight casts a spell at you.
You struggle to resist.
You completely miss the vampire knight. The vampire knight barely misses you.
The vampire knight bites you.
The vampire knight draws strength from your injuries!
You hear some strange, mumbled words.
A bolt of poison appears from out of thin air!
The bolt of poison hits the vampire knight.
The vampire knight completely resists.
The bolt of poison hits you.
You are poisoned.
Unknown command.
You hit the vampire knight but do no damage.
You headbutt the vampire knight.
The vampire knight is lightly damaged.
You feel very sick.
The vampire knight points at you and mumbles some strange words.
You suddenly lose the ability to move!
You feel sick.
You hear some strange, mumbled words.
A bolt of poison appears from out of thin air!
The bolt of poison hits the vampire knight.
The vampire knight completely resists.
The bolt of poison hits you!
You are more poisoned.
The vampire knight hits you with a +0 great sword!
The vampire knight bites you.
The vampire knight draws strength from your injuries!
You feel very sick.
The vampire knight hits you with a +0 great sword!!
* * * LOW HITPOINT WARNING * * *
The vampire knight completely misses you.
* * * LOW HITPOINT WARNING * * *
You feel very sick. Something hits you but does no damage.
The vampire knight hits you with a +0 great sword!!
You die...

########################
).......................
†...............@V......
############++##########


You could see a vampire knight.

Vanquished Creatures
  A death yak (D)
  A phantasmal warrior (D)
  An orc knight (D)
  An unseen horror (D)
  A yaktaur (D)
  A hellwing (D)
  A polar bear (D)
  A redback (D)
  A water moccasin (D)
  Pargi (D)
  A black bear (D)
  2 ogres (D)
  A bullfrog (D)
  A quasit (D)
  A hound (D)
  A gnoll shaman (D)
  A mummy (D)
  5 gnolls (D)
  2 adders (D)
  2 river rats (D)
  An ufetubus (D)
  A worm (D)
  2 orcs (D)
  An endoplasm (D)
  A giant cockroach (D)
  2 hobgoblins (D)
  2 jackals (D)
  A frilled lizard (D)
  A quokka zombie (D)
39 creatures vanquished.

Notes
Turn   | Place    | Note
-------+----------+-------------------------------------------
     0 | D        | mhtbhm the Minotaur Fighter began the quest for the Orb.
     0 | D        | Reached XP level 1. HP: 19/19 MP: 0/0
   147 | D        | Found a bloodstained altar of Trog.
   147 | D        | Found a shimmering blue altar of Sif Muna.
   147 | D        | Found a viscous altar of Jiyva.
   147 | D        | Found a hazy altar of Hepliaklqana.
   147 | D        | Found an opulent altar of Gozag.
   148 | D        | Found a glowing golden altar of the Shining One.
   148 | D        | Found a glowing silver altar of Zin.
   148 | D        | Found a basalt altar of Yredelemnul.
   148 | D        | Found a shimmering altar of Xom.
   148 | D        | Found an ornate altar of the Wu Jian Council.
   148 | D        | Found a sacrificial altar of Ru.
   148 | D        | Found a stormy altar of Qazlal.
   148 | D        | Found an iron altar of Okawaru.
   148 | D        | Found a sparkling altar of Nemelex Xobeh.
   148 | D        | Found a burning altar of Makhleb.
   148 | D        | Found a blossoming altar of Fedhas.
   148 | D        | Found a white marble altar of Elyvilon.
   148 | D        | Found a shadowy altar of Dithmenos.
   148 | D        | Found a snail-covered altar of Cheibriados.
   150 | D        | Found a radiant altar of Vehumet.
   150 | D        | Found a corrupted altar of Lugonu.
   152 | D        | Became a worshipper of Trog the Wrathful
   252 | D        | Reached skill level 5 in Armour
   252 | D        | Reached XP level 2. HP: 18/28 MP: 1/1
   367 | D        | Reached * piety under Trog
   368 | D        | Reached skill level 5 in Fighting
   368 | D        | Reached skill level 3 in Axes
   368 | D        | Reached skill level 5 in Shields
   379 | D        | Reached XP level 3. HP: 16/36 MP: 2/2
   553 | D        | Reached ** piety under Trog
   619 | D        | Noticed an ogre
   619 | D        | Noticed a bullfrog
   623 | D        | Reached *** piety under Trog
   624 | D        | Reached skill level 4 in Axes
   624 | D        | Reached XP level 4. HP: 47/47 MP: 3/3
   625 | D        | Noticed Pargi
   627 | D        | Killed an ogre
   627 | D        | Reached **** piety under Trog
   628 | D        | Reached skill level 6 in Axes
   628 | D        | Reached XP level 5. HP: 52/53 MP: 4/4
   629 | D        | Reached XP level 6. HP: 61/62 MP: 5/5
   632 | D        | Killed Pargi
   633 | D        | Reached skill level 7 in Axes
   633 | D        | Reached skill level 10 in Armour
   633 | D        | Reached skill level 1 in Dodging
   634 | D        | Reached ***** piety under Trog
   742 | D        | Noticed a phantasmal warrior
   761 | D        | Killed a phantasmal warrior
   761 | D        | Received a gift from Trog
   762 | D        | Reached skill level 9 in Axes
   762 | D        | Reached skill level 10 in Shields
   762 | D        | Reached XP level 7. HP: 55/74 MP: 6/6
   949 | D        | Noticed a polar bear
   949 | D        | Noticed a hellwing
   954 | D        | Killed a polar bear
   954 | D        | Received a gift from Trog
   955 | D        | Reached skill level 10 in Axes
   955 | D        | Reached XP level 8. HP: 82/82 MP: 7/7
   961 | D        | Killed a hellwing
   962 | D        | Reached skill level 11 in Axes
  1175 | D        | Noticed an orc knight
  1183 | D        | Reached skill level 12 in Axes
  1190 | D        | Killed an unseen horror
  1193 | D        | Killed an orc knight
  1193 | D        | Received a gift from Trog
  1194 | D        | Reached skill level 13 in Axes
  1194 | D        | Reached XP level 9. HP: 19/92 MP: 8/8
  1514 | D        | Reached skill level 14 in Axes
  1520 | D        | Noticed a death yak
  1521 | D        | Noticed a yaktaur
  1529 | D        | Killed a yaktaur
  1532 | D        | Killed a death yak
  1533 | D        | Reached skill level 15 in Axes
  1533 | D        | Reached skill level 5 in Dodging
  1579 | D        | Noticed a vampire knight
  1580 | D        | Noticed Erica
  1584 | D        | Paralysed by a vampire knight for 6 turns
  1587 | D        | Mangled by a vampire knight

Illustrated notes

Levels and vault maps discovered:
D:        pitsprint [storerooms_1, entrance_room_1, metal_vault_8, armoury_3,
          mini_pit_1, grid_room_1, main_hall_1, silver_pit, the_coven_3,
          the_vestibule_1, steel_vault_5, golden_pit, hallway_of_sentries,
          crystal_vault_2, iron_vault_2, final_vault]

Skill      XL: |  1  2  3  4  5  6  7  8  9 |
---------------+----------------------------+-----
Fighting       | 4 5 7 8 11 12 13 | 13.6
Armour         | 5 7 8 9 11 12 13 | 13.3
Shields        | 4 5 6 7 8 10 11 | 11.8
Axes           | 3 4 6 9 10 13 15 | 15.3
Dodging        | 2 4 5 |  5.0

Action                   |  1- 3 |  4- 6 |  7- 9 || total
-------------------------+-------+-------+-------++-------
Melee: Hand axe          |    42 |    28 |       ||    70
       War axe           |     3 |       |       ||     3
       Headbutt          |     2 |    12 |     7 ||    21
       Broad axe         |       |       |    53 ||    53
Invok: Berserk           |       |       |     1 ||     1
  Use: Potion            |     1 |     2 |       ||     3
Armor: Scale mail        |    26 |       |       ||    26
       Ring mail         |     2 |     4 |    28 ||    34
Dodge: Dodged            |    16 |    11 |    26 ||    53
Block: Buckler           |     6 |    10 |    17 ||    33

Table legend: (Time is in decaauts)
 A = Elapsed time spent in this place.
 B = Non-inter-level travel time spent in this place.
 C = Inter-level travel time spent in this place.
 D = Time resting spent in this place.
 E = Time spent auto-exploring this place.
 F = Levels seen in this place.
 G = Mean time per level.
                   A        B        C        D        E       F      G
               +--------+--------+--------+--------+--------+-----+--------+
         Total |   1615 |   1615 |      0 |   1100 |     29 |   1 | 1615.0 |
       Dungeon |   1615 |   1615 |      0 |   1100 |     29 |   1 | 1615.0 |
               +--------+--------+--------+--------+--------+-----+--------+

Top non-repeatable levels by time:
       D: 1615 daAuts
